 Dungeon Crawl Stone Soup version 0.17.2-1-ge4368a0 (webtiles) character file.

375 Charly the Cudgeler (level 6, 0/51 HPs)
             Began as a Centaur Fighter on Aug 6, 2016.
             Slain by a shadow imp (4 damage)
             ... on level 7 of the Dungeon.
             The game lasted 00:14:04 (1089 turns).

Charly the Cudgeler (Centaur Fighter)               Turns: 1089, Time: 00:14:05

Health: 0/51       AC:  4    Str: 19    XL:     6   Next: 44%
Magic:  6/6        EV:  6    Int:  7    God:
Gold:   83         SH:  8    Dex: 10    Spells: 0 memorised, 5 levels left

rFire  . . .     SeeInvis .     a - +0 flail
rCold  . . .     Clarity  .     l - +0 leather armour {MR+}
rNeg   . . .     SustAt   .     c - +0 shield
rPois  .         Gourm    .     (no helmet)
rElec  .         Spirit   .     (no cloak)
rCorr  .         Warding  .     (no gloves)
rMut   .         Stasis   .     (no barding)
MR     +....                    (no amulet)
Stlth  +.........               (no ring)
                                (no ring)

@: flying, very slightly contaminated, invisible, very quick, somewhat resistant
to hostile enchantments, very unstealthy
A: hooves 3, deformed body, speed 2, tough skin 3
a: no special abilities


You were on level 7 of the Dungeon.
You were full.

You visited 1 branch of the dungeon, and saw 8 of its levels.

You collected 83 gold pieces.

Inventory:

Hand Weapons
 a - a +0 flail (weapon)
Armour
 b - a +0 scale mail
 c - a +0 shield (worn)
 l - a +0 leather armour of magic resistance (worn)
Magical Staves
 m - an uncursed staff of cold {unknown}
Wands
 d - a wand of digging (14)
Scrolls
 g - a scroll of remove curse
 h - a scroll of identify {unknown}
 i - a scroll of blinking {unknown}
 n - a scroll of noise {unknown}
 o - a scroll of recharging {unknown}
Potions
 f - a potion of flight
 j - a potion of invisibility
Comestibles
 e - 3 bread rations


   Skills:
 - Level 3.0 Fighting
 + Level 6.3 Maces & Flails
 - Level 2.1 Armour
 - Level 2.1 Shields


You had 5 spell levels left.
You didn't know any spells.

Dungeon Overview and Level Annotations

Branches:
Dungeon (8/15)
 Temple: D:4-7         Lair: D:8-11

Altars:
Gozag
Kikubaaqudgha
Sif Muna

Annotations:
D:7 exclusion: downstairs


Innate Abilities, Weirdness & Mutations

You have hooves in place of feet.
Armour fits poorly on your strangely shaped body.
You cover ground very quickly.
You have extremely tough skin (AC +3).


Message History

The shadow imp hits you.
The centaur shoots an arrow.
The arrow hits you!
* * * LOW HITPOINT WARNING * * *
You see here an arrow.
Unknown command.
Drink which item? (? for menu, Esc to quit)
It was a potion of flight.
You feel very buoyant.
You fly up into the air.
Drink which item? (? for menu, Esc to quit)
It was a potion of invisibility.
You fade into invisibility!
The shadow imp gestures at you. Pain shoots through your body!
* * * LOW HITPOINT WARNING * * *
You are very lightly contaminated with residual magic.
Unknown command.
You closely miss the shadow imp. You kick the shadow imp.
The shadow imp is severely wounded.
The shadow imp hits you.
You die...

##### #...# #.#>#
##.#.# #....#
########
.#######....#
#.......
........(...#
#.......
........@....#
........
#.#######5...#
....oo..
#.#..........#
oo..####
#.#c#####....# o #
#.#.# #....# ... #
#.#.# ####.# .. #
######.#.# .# .$# #
#........# . .. #
.........###########
#####c #


You could see a shadow imp.

Vanquished Creatures
  A necrophage (D:7)
  A killer bee (D:7)
  2 hounds
  An iguana (D:5)
  A giant frog skeleton (D:5)
  2 orc wizards (D:8)
  A worker ant (D:5)
  2 worker ant zombies
  An adder (D:4)
  An ooze (D:1)
  A giant gecko (D:5)
  5 orcs
  3 jackals (D:3)
  A quokka (D:5)
  A bat (D:3)
  2 giant newts
  3 rats (D:3)
29 creatures vanquished.

Notes
Turn   | Place    | Note
--------------------------------------------------------------
     0 | D:1      | Charly the Centaur Fighter began the quest for the Orb.
     0 | D:1      | Reached XP level 1. HP: 19/19 MP: 1/1
    81 | D:3      | Reached XP level 2. HP: 23/26 MP: 2/2
   268 | D:5      | Entered Level 5 of the Dungeon
   368 | D:5      | Reached XP level 3. HP: 26/31 MP: 3/3
   403 | D:5      | Charly: @?iguana
   403 | D:5      | beem: iguana (l)
                  | Spd:
    10 | HD: 3    | HP: 12-19
                  | AC/EV: 5/9
                  | Dam: 15
                  | cold-blooded
                  | Res: magic(10)
                  | XP:
    36 | Sz: small | Int: animal.
   425 | D:5      | Reached skill level 4 in Maces & Flails
   425 | D:5      | Reached XP level 4. HP: 14/38 MP: 4/4
   507 | D:4      | Reached XP level 5. HP: 20/45 MP: 5/5
   527 | D:6      | Found a deep blue altar of Sif Muna.
   528 | D:6      | Found an ancient bone altar of Kikubaaqudgha.
   559 | D:8      | Found an opulent altar of Gozag.
   597 | D:8      | Reached skill level 5 in Maces & Flails
   815 | D:7      | Reached XP level 6. HP: 15/51 MP: 6/6
   905 | D:7      | Reached skill level 6 in Maces & Flails
  1044 | D:7      | Noticed a centaur
  1089 | D:7      | Slain by a shadow imp

Action                   |  1- 3 |  4- 6 || total
-------------------------+-------+-------++-------
Melee: Flail             |    66 |    70 ||   136
Throw: Throwing net      |     2 |     7 ||     9
  Use: Potion            |       |     3 ||     3
       Scroll            |       |     1 ||     1
 Stab: Held in net/web   |     2 |     1 ||     3
  Eat: Fruit             |     4 |       ||     4
       Beef jerky        |     1 |       ||     1
